A- EAST
FAYETTEVILLE WOODPECKERS @ LYNCHBURG HILLCATS
06/11/2042
 
TOP OF THE 1ST
Fayetteville Woodpeckers batting - Pitching for Lynchburg Hillcats : RHP Montrell Ciappi
Pitching: RHP Montrell Ciappi
Batting: RHB Dave Martin 0-0: Ball
1-0: Called Strike
1-1: Ball
2-1: Foul Ball, location: 2F
2-2: Strikes out looking
Batting: LHB Dave Branch 0-0: Called Strike
0-1: Foul Ball, location: 2F
0-2: Strikes out swinging
Batting: RHB Mario Rivera 0-0: Ball
1-0: Ball
2-0: Ball
3-0: Base on Balls
Batting: RHB Ron Ortíz 0-0: Called Strike
0-1: Ball
1-1: Ball
2-1: Fly out, F8 (Flyball, 8LD, EV 96.9 MPH)
Top of the 1st over - 0 runs, 0 hits, 0 errors, 1 left on base; Fayetteville 0 - Lynchburg 0
BOTTOM OF THE 1ST
Lynchburg Hillcats batting - Pitching for Fayetteville Woodpeckers : LHP Phil Nutall
Pitching: LHP Phil Nutall
Batting: SHB Ron Meadows 0-0: Ground out 6-3 (Groundball, 6M, EV 103.8 MPH)
Batting: LHB Kevin Lee 0-0: Ground out 5-3 (Groundball, 5, EV 77.5 MPH)
Batting: LHB Cam Palmer 0-0: Ball
1-0: Ball
2-0: Fly out, F3 (Popup, 23F, EV 78.1 MPH)
Bottom of the 1st over - 0 runs, 0 hits, 0 errors, 0 left on base; Fayetteville 0 - Lynchburg 0
TOP OF THE 2ND
Fayetteville Woodpeckers batting - Pitching for Lynchburg Hillcats : RHP Montrell Ciappi
Batting: LHB Don Caldwell 0-0: Swinging Strike
0-1: Called Strike
0-2: Ball
1-2: Strikes out looking
Batting: RHB Gaspard Battllori 0-0: Foul Ball, location: 23FF
0-1: Foul Ball, location: 9LSF
0-2: Ball
1-2: Ball
2-2: Foul Ball, location: 3FF
2-2: Strikes out looking
Batting: RHB Curt Russell 0-0: Ball
1-0: Foul Ball, location: 9LDF
1-1: Ball
2-1: Ball
3-1: Fly out, F9 (Flyball, 9S, EV 88.8 MPH)
Top of the 2nd over - 0 runs, 0 hits, 0 errors, 0 left on base; Fayetteville 0 - Lynchburg 0
BOTTOM OF THE 2ND
Lynchburg Hillcats batting - Pitching for Fayetteville Woodpeckers : LHP Phil Nutall
Batting: RHB Norbert Rondinelli 0-0: Swinging Strike
0-1: Foul Ball, location: 2F
0-2: Foul Ball, location: 25F
0-2: Strikes out swinging
Batting: SHB Mario Gutiérrez 0-0: Ball
1-0: Ball
2-0: Ball
3-0: Base on Balls
Batting: RHB Juan Moreno 0-0: Foul Ball, location: 5F
0-1: Ball
1-1: SINGLE (Line Drive, 6MD, EV 93.8 MPH)
Mario Gutiérrez to second
Batting: RHB Raúl Del Fuente 0-0: Ball
1-0: Fielders Choice at 2nd, 4-6 (Groundball, 4, EV 86.9 MPH)
Mario Gutiérrez to third
Batting: SHB Chris Griffin 0-0: Foul Ball, location: 2F
0-1: Foul Ball, location: 5SF
0-2: Hit by Pitch
Raúl Del Fuente to second
Batting: LHB Bob Fitzgerald 0-0: Foul Ball, location: 2F
0-1: Ball
1-1: Ball
2-1: SINGLE (Groundball, 6MD, EV 101.3 MPH)
Mario Gutiérrez scores
Raúl Del Fuente to third
Chris Griffin to second
Runner from 3rd tries for Home, throw by CF and OUT! 8-2
Bottom of the 2nd over - 1 run, 2 hits, 0 errors, 2 left on base; Fayetteville 0 - Lynchburg 1
TOP OF THE 3RD
Fayetteville Woodpeckers batting - Pitching for Lynchburg Hillcats : RHP Montrell Ciappi
Pitching: RHP Jerry Pena
Batting: LHB José Torrez 0-0: Ball
1-0: Ball
2-0: Ball
3-0: Base on Balls
Batting: RHB José Gómez 0-0: Bunt missed!
0-1: Sac Bunt to 2R - play at first, batter OUT! 2-3
José Torrez to second
Batting: RHB Dave Martin 0-0: Ground out 5-3 (Groundball, 5, EV 110.0 MPH)
Batting: LHB Dave Branch 0-0: Foul Ball, location: 2F
0-1: SINGLE (Groundball, 56D, EV 108.1 MPH)
José Torrez to third
Runner from 3rd tries for Home, SAFE, throw by LF to home
Dave Branch to second
Batting: RHB Mario Rivera 0-0: Ball
1-0: Ball
2-0: Foul Ball, location: 2F
2-1: Foul Ball, location: 9LMF
2-2: 2-RUN HOME RUN (Flyball, 78XD, EV 111.9 MPH), Distance : 431 ft
Batting: RHB Ron Ortíz 0-0: Ball
1-0: Ball
2-0: Swinging Strike
2-1: Ball
3-1: Fly out, F3 (Popup, 34, EV 60.6 MPH)
Top of the 3rd over - 3 runs, 2 hits, 0 errors, 0 left on base; Fayetteville 3 - Lynchburg 1
BOTTOM OF THE 3RD
Lynchburg Hillcats batting - Pitching for Fayetteville Woodpeckers : LHP Phil Nutall
Batting: SHB Ron Meadows 0-0: Swinging Strike
0-1: Foul Ball, location: 2F
0-2: Strikes out swinging
Batting: LHB Kevin Lee 0-0: Ball
1-0: Called Strike
1-1: Ball
2-1: Ball
3-1: Ground out 4-3 (Groundball, 4, EV 87.5 MPH)
Batting: LHB Cam Palmer 0-0: Ground out U3 (Groundball, 34, EV 86.3 MPH)
Bottom of the 3rd over - 0 runs, 0 hits, 0 errors, 0 left on base; Fayetteville 3 - Lynchburg 1
TOP OF THE 4TH
Fayetteville Woodpeckers batting - Pitching for Lynchburg Hillcats : RHP Jerry Pena
Batting: LHB Don Caldwell 0-0: Called Strike
0-1: Swinging Strike
0-2: Strikes out swinging
Batting: RHB Gaspard Battllori 0-0: Ball
1-0: Foul Ball, location: 2F
1-1: Called Strike
1-2: Fly out, F8 (Line Drive, 8RM, EV 86.3 MPH)
Batting: RHB Curt Russell 0-0: Ball
1-0: Called Strike
1-1: Foul Ball, location: 2F
1-2: Strikes out swinging
Top of the 4th over - 0 runs, 0 hits, 0 errors, 0 left on base; Fayetteville 3 - Lynchburg 1
BOTTOM OF THE 4TH
Lynchburg Hillcats batting - Pitching for Fayetteville Woodpeckers : LHP Phil Nutall
Batting: RHB Norbert Rondinelli 0-0: Called Strike
0-1: Ground out 5-3 (Groundball, 56, EV 85.0 MPH)
Batting: SHB Mario Gutiérrez 0-0: Ball
1-0: Ball
2-0: Foul Ball, location: 7LSF
2-1: Fly out, F6 (Popup, 6, EV 75.6 MPH)
Batting: RHB Juan Moreno 0-0: Ball
1-0: Ball
2-0: Ball
3-0: Base on Balls
Batting: RHB Raúl Del Fuente 0-0: Ground out 2-3 (Groundball, 15S, EV 61.9 MPH)
Bottom of the 4th over - 0 runs, 0 hits, 0 errors, 1 left on base; Fayetteville 3 - Lynchburg 1
TOP OF THE 5TH
Fayetteville Woodpeckers batting - Pitching for Lynchburg Hillcats : RHP Jerry Pena
Batting: LHB José Torrez 0-0: Foul Ball, location: 23F
0-1: Ball
1-1: Foul Ball, location: 2F
1-2: SOLO HOME RUN (Flyball, 9LD, EV 90.6 MPH), Distance : 345 ft
Batting: RHB José Gómez 0-0: Called Strike
0-1: Called Strike
0-2: Strikes out looking
Batting: RHB Dave Martin 0-0: Called Strike
0-1: Fly out, F8 (Flyball, 8RM, EV 100.6 MPH)
Batting: LHB Dave Branch 0-0: Ball
1-0: Fly out, F6 (Popup, 6MS, EV 78.1 MPH)
Top of the 5th over - 1 run, 1 hit, 0 errors, 0 left on base; Fayetteville 4 - Lynchburg 1
BOTTOM OF THE 5TH
Lynchburg Hillcats batting - Pitching for Fayetteville Woodpeckers : LHP Phil Nutall
Batting: SHB Chris Griffin 0-0: Ball
1-0: Called Strike
1-1: Ball
2-1: Fly out, F9 (Flyball, 89M, EV 91.9 MPH)
Batting: LHB Bob Fitzgerald 0-0: Called Strike
0-1: Foul Ball, location: 2F
0-2: Ball
1-2: Foul Ball, location: 7LDF
1-2: Strikes out swinging
Batting: SHB Ron Meadows 0-0: Ball
1-0: Ball
2-0: Ball
3-0: Base on Balls
Batting: LHB Kevin Lee 0-0: Ground out 4-3 (Groundball, 4, EV 82.5 MPH)
Bottom of the 5th over - 0 runs, 0 hits, 0 errors, 1 left on base; Fayetteville 4 - Lynchburg 1
TOP OF THE 6TH
Fayetteville Woodpeckers batting - Pitching for Lynchburg Hillcats : RHP Jerry Pena
Batting: RHB Mario Rivera 0-0: Swinging Strike
0-1: Ball
1-1: Swinging Strike
1-2: Strikes out swinging
Batting: RHB Ron Ortíz 0-0: Ball
1-0: Foul Ball, location: 23FF
1-1: Ball
2-1: Ball
3-1: DOUBLE (Groundball, 5L, EV 106.3 MPH)
Batting: LHB Don Caldwell 0-0: Ball
1-0: Ball
2-0: Ball
3-0: Called Strike
3-1: Base on Balls
Batting: RHB Gaspard Battllori 0-0: Called Strike
0-1: Called Strike
0-2: Ball
1-2: Grounds into double play, 3-6-3 (Groundball, 34, EV 106.9 MPH)
Top of the 6th over - 0 runs, 1 hit, 0 errors, 1 left on base; Fayetteville 4 - Lynchburg 1
BOTTOM OF THE 6TH
Lynchburg Hillcats batting - Pitching for Fayetteville Woodpeckers : LHP Phil Nutall
Batting: LHB Cam Palmer 0-0: Called Strike
0-1: Foul Ball, location: 2F
0-2: Strikes out swinging
Batting: RHB Norbert Rondinelli 0-0: Ground out 6-3 (Groundball, 6, EV 81.9 MPH)
Batting: SHB Mario Gutiérrez 0-0: Called Strike
0-1: Foul Ball, location: 9LDF
0-2: Ball
1-2: Strikes out looking
Bottom of the 6th over - 0 runs, 0 hits, 0 errors, 0 left on base; Fayetteville 4 - Lynchburg 1
TOP OF THE 7TH
Fayetteville Woodpeckers batting - Pitching for Lynchburg Hillcats : RHP Jerry Pena
Batting: RHB Curt Russell 0-0: Foul Ball, location: 2F
0-1: Ball
1-1: Ball
2-1: Foul Ball, location: 3F
2-2: Ball
3-2: Ground out 1-3 (Groundball, 13S, EV 67.5 MPH)
Batting: LHB José Torrez 0-0: Called Strike
0-1: Ball
1-1: Ball
2-1: Fly out, F9 (Flyball, 9, EV 85.0 MPH)
Batting: RHB José Gómez 0-0: Ground out 3-1 (Groundball, 34S, EV 89.4 MPH)
Top of the 7th over - 0 runs, 0 hits, 0 errors, 0 left on base; Fayetteville 4 - Lynchburg 1
BOTTOM OF THE 7TH
Lynchburg Hillcats batting - Pitching for Fayetteville Woodpeckers : LHP Phil Nutall
Batting: RHB Juan Moreno 0-0: Called Strike
0-1: Fly out, F6 (Popup, 6MS, EV 76.9 MPH)
Batting: RHB Raúl Del Fuente 0-0: Fly out, F9 (Flyball, 89S, EV 95.6 MPH)
Batting: SHB Chris Griffin 0-0: Swinging Strike
0-1: Ball
1-1: Swinging Strike
1-2: Strikes out swinging
Bottom of the 7th over - 0 runs, 0 hits, 0 errors, 0 left on base; Fayetteville 4 - Lynchburg 1
TOP OF THE 8TH
Fayetteville Woodpeckers batting - Pitching for Lynchburg Hillcats : RHP Jerry Pena
Batting: RHB Dave Martin 0-0: Called Strike
0-1: Ball
1-1: Ball
2-1: Foul Ball, location: 9LSF
2-2: Ball
3-2: Base on Balls
Pitching: LHP Alex Brown
Batting: LHB Dave Branch 0-0: Sac Bunt to 3S - play at first, batter OUT! 3-4
Dave Martin to second
Pitching: RHP Dani Chávez
Batting: RHB Mario Rivera 0-0: Swinging Strike
0-1: Swinging Strike
0-2: Ball
1-2: Ball
2-2: Strikes out swinging
Batting: RHB Ron Ortíz 0-0: Swinging Strike
0-1: Fly out, F7 (Flyball, 7, EV 94.4 MPH)
Top of the 8th over - 0 runs, 0 hits, 0 errors, 1 left on base; Fayetteville 4 - Lynchburg 1
BOTTOM OF THE 8TH
Lynchburg Hillcats batting - Pitching for Fayetteville Woodpeckers : LHP Phil Nutall
Pinch Hitting: RHB José Rojas 0-0: Called Strike
0-1: SINGLE (Line Drive, 9S, EV 97.5 MPH)
Pinch Hitting: RHB Jeff Hensley 0-0: Ball
1-0: Called Strike
1-1: Swinging Strike
1-2: Ball
2-2: Ball
3-2: Base on Balls
José Rojas to second
Pinch Hitting: LHB Himayati Fox 0-0: Ball
1-0: DOUBLE (Line Drive, 9LM, EV 109.4 MPH)
José Rojas scores
Jeff Hensley to third
Pinch Hitting: RHB Jean-Philippe Pouliquen 0-0: Ball
1-0: Called Strike
1-1: Ball
2-1: Foul Ball, location: 2F
2-2: Strikes out swinging
Batting: RHB Norbert Rondinelli 0-0: Ball
1-0: Fly out, F2 (Popup, 23F, EV 74.4 MPH)
Batting: SHB Mario Gutiérrez 0-0: Ball
1-0: Foul Ball, location: 3F
1-1: Foul Ball, location: 2F
1-2: Foul Ball, location: 3F
1-2: Foul Ball, location: 25FF
1-2: Foul Ball, location: 5DF
1-2: Ball
2-2: Foul Ball, location: 9LMF
2-2: Ball
3-2: Base on Balls
Pitching: RHP Darrell McKee
Pinch Hitting: LHB Jen-djieh Wu 0-0: Called Strike
0-1: Foul Ball, location: 7LMF
0-2: Ball
1-2: Ball
2-2: Strikes out swinging
Bottom of the 8th over - 1 run, 2 hits, 0 errors, 3 left on base; Fayetteville 4 - Lynchburg 2
TOP OF THE 9TH
Fayetteville Woodpeckers batting - Pitching for Lynchburg Hillcats : RHP Dani Chávez
Now at C: Juan Bruno
Now at 1B: Jen-djieh Wu
Now at 2B: Edwin Krause
Now at 3B: José Rojas
Now in RF: Himayati Fox
Batting: LHB Don Caldwell 0-0: Ball
1-0: Foul Ball, location: 2F
1-1: Foul Ball, location: 2F
1-2: Ball
2-2: Fly out, F5 (Popup, 6S, EV 74.4 MPH)
Batting: RHB Gaspard Battllori 0-0: Called Strike
0-1: Ball
1-1: Called Strike
1-2: Ball
2-2: Foul Ball, location: 5F
2-2: Ground out 5-3 (Groundball, 56, EV 95.0 MPH)
Batting: RHB Curt Russell 0-0: SINGLE (Line Drive, 8LS, EV 96.9 MPH)
Batting: LHB José Torrez 0-0: Ball
Curt Russell is caught stealing 2nd base 2-6
Top of the 9th over - 0 runs, 1 hit, 0 errors, 0 left on base; Fayetteville 4 - Lynchburg 2
BOTTOM OF THE 9TH
Lynchburg Hillcats batting - Pitching for Fayetteville Woodpeckers : RHP Darrell McKee
Pitching: RHP Curro Maes
Pinch Hitting: RHB Ismael Aguilar 0-0: Called Strike
0-1: Called Strike
0-2: Strikes out swinging
Batting: RHB Pat Vanstone 0-0: Swinging Strike
0-1: Ball
1-1: Foul Ball, location: 23FF
1-2: Fly out, F8 (Flyball, 8RM, EV 93.1 MPH)
Batting: RHB José Rojas 0-0: Called Strike
0-1: Foul Ball, location: 2F
0-2: Ball
1-2: Strikes out swinging
Bottom of the 9th over - 0 runs, 0 hits, 0 errors, 0 left on base; Fayetteville 4 - Lynchburg 2
Friday, May 3rd , 2024 - OOTP Baseball 24.10 Build 82